 Dungeon Crawl Stone Soup version 0.13.0-17-g5f0e85f (webtiles) character file.

196 MDvedh the Ruinous (level 4, -2/33 HPs)
             Began as a Draconian Conjurer on Oct 21, 2013.
             Killed by divine providence
             ... invoked by an orc priest
              (12 damage)
             ... on Level 3 of the Dungeon.
             The game lasted 00:05:42 (2019 turns).

MDvedh the Ruinous (Draconian Conjurer)             Turns: 2019, Time: 00:05:42

HP  -2/33        AC  5     Str 11      XL: 4   Next:  5%
MP   1/9         EV 12     Int 16      God:
Gold 125         SH  0     Dex 11      Spells:  3 memorised,  3 levels left

Res.Fire  : . . .   See Invis. : .   (no weapon)
Res.Cold  : . . .   Warding    : .   (armour unavailable)
Life Prot.: . . .   Conserve   : .   (no shield)
Res.Poison: .       Res.Corr.  : .   (helmet restricted)
Res.Elec. : .       Clarity    : .   (no cloak)
Sust.Abil.: . .     Spirit.Shd : .   (no gloves)
Res.Mut.  : .       Stasis     : .   (no boots)
Res.Rott. : .       Flight     : .   (no amulet)
Saprovore : . . .                    (no ring)
                                     (no ring)

@: slightly resistant to hostile enchantments, unstealthy
A: unfitting armour, AC +5
a: no special abilities


You were on level 3 of the Dungeon.
You were not hungry.

You visited 1 branch of the dungeon, and saw 3 of its levels.

You collected 105 gold pieces.

Inventory:

Comestibles
 b - a bread ration
Scrolls
 a - 2 scrolls of remove curse {unknown}
 d - a scroll of amnesia {unknown}
 e - 2 scrolls of magic mapping {unknown}
 g - a scroll of curse weapon {unknown}
 h - 2 scrolls of identify {unknown}
 i - 3 scrolls of teleportation {unknown}
 j - a scroll of fear {unknown}
 m - a scroll of noise {unknown}
Potions
 f - 3 potions of curing
 k - a potion of confusion {unknown}
 l - a potion of heal wounds {unknown}
Books
 c - a book of Conjurations

   Spells                             Type                      Level
   *Magic Dart                        Conjuration                  1
   *Searing Ray                       Conjuration                  2
   *Dazzling Spray                    Conjuration/Hexes            3
   Iskenderun's Mystic Blast          Conjuration                  4
   Iskenderun's Battlesphere          Conjuration/Charms           4
   Fulminant Prism                    Conjuration/Hexes            5


   Skills:
 - Level 1.7 Dodging
 - Level 1.7 Stealth
 - Level 3.0 Spellcasting
 + Level 4.5 Conjurations


You had 3 spell levels left.
You knew the following spells:

 Your Spells              Type           Power        Failure   Level  Hunger
a - Magic Dart            Conj           ###.         3%          1    #......
b - Searing Ray           Conj           ###...       6%          2    ##.....
c - Dazzling Spray        Conj/Hex       #.......     21%         3    ###....


Dungeon Overview and Level Annotations

Branches:
Dungeon (3/27)

Altars:


Message History

Aiming: Magic Dart
Press: ? - help, Shift-Dir - straight line, f/p - orc
Aim: an orc wearing an orcish chain mail (heavily wounded)
The magic dart hits the orc.
The orc is severely wounded.
The orc priest becomes somewhat translucent.
The orc closely misses you.
Casting: Magic Dart
Confirm with . or Enter, or press ? or * to list all spells.
Aiming: Magic Dart
Press: ? - help, Shift-Dir - straight line, f/p - orc
Aim: an orc wearing an orcish chain mail (severely wounded)
The magic dart hits the orc.
The orc is severely wounded.
The orc hits you but does no damage.
The orc priest calls down the wrath of Beogh upon you.
Something smites you!
The orc priest mumbles some strange prayers to Beogh against you.
Something smites you!
You die...

.)....# #..)..%#
#......# #.r..o.#
#......# #......#
#...)oo# #
#......##.####
#......@...<.#
#.....#'##.##.####
#.# ######.##.# #
#.######..#.#####.#
....................
##.######..#########
...######..........
...##..............
...##...##.(.......


You could see an orc priest, 2 orcs and a rat.

Vanquished Creatures
  2 adders (D:2)
  A worm (D:1)
  A giant gecko (D:1)
  An ooze (D:2)
  2 orcs (D:3)
  6 bats
  5 giant cockroaches
  9 hobgoblins
  4 giant newts
  3 goblins
  4 kobolds
  6 rats
44 creatures vanquished.

Notes
Turn   | Place    | Note
--------------------------------------------------------------
     0 | D:1      | MDvedh, the Draconian Conjurer, began the quest for the Orb.
     0 | D:1      | Reached XP level 1. HP: 14/14 MP: 3/3
   219 | D:1      | Reached XP level 2. HP: 20/20 MP: 1/4
   587 | D:1      | Learned a level 2 spell: Searing Ray
   943 | D:1      | Reached XP level 3. HP: 24/26 MP: 1/7
   968 | D:1      | Learned a level 3 spell: Dazzling Spray
  2011 | D:3      | Reached XP level 4. HP: 33/33 MP: 6/9
  2019 | D:3      | Killed from afar by an orc priest

Action                   |  1- 3 |  4- 6 || total
-------------------------+-------+-------++-------
Melee: Unarmed           |    45 |       ||    45
 Cast: Magic Dart        |    85 |     7 ||    92
       Searing Ray       |     1 |       ||     1
  Use: Potion            |     1 |       ||     1
